 Dungeon Crawl Stone Soup version 0.27-a0-920-gb2bd10914a (webtiles) character file.

Game seed: 15079465990012266140

84 leviel the Chopper (level 4, -3/61 HPs)
             Began as a Hill Orc Berserker on Apr 9, 2021.
             Was a Believer of Trog.
             Slain by a gnoll
             ... wielding a +0 whip
              (8 damage)
             ... on level 2 of the Dungeon.
             The game lasted 00:01:31 (1608 turns).

leviel the Chopper (Hill Orc Berserker)             Turns: 1608, Time: 00:01:32

Health: -3/61      AC:  2    Str: 20    XL:     4   Next: 46%
Magic:  4/4        EV: 12    Int:  7    God:    Trog [**....]
Gold:   71         SH:  0    Dex: 10    Spells: 3/3 levels left

rFire    . . .     SeeInvis .   a - +0 hand axe
rCold    . . .     Faith    .   (no shield)
rNeg     . . .     Spirit   .   b - +0 animal skin
rPois    .         Reflect  .   (no helmet)
rElec    .         Harm     .   (no cloak)
rCorr    .         Rampage  .   (no gloves)
Will     .....                  (no boots)
Stlth    ..........             (no amulet)
HPRegen  0.20/turn              (no ring)
MPRegen  0.09/turn              (no ring)

@: berserking, very quick
A: no striking features
a: Renounce Religion, Berserk, Trog's Hand


You were on level 2 of the Dungeon.
You worshipped Trog.
Trog was pleased with you.
You visited 1 branch of the dungeon, and saw 2 of its levels.

You collected 71 gold pieces.

Inventory:

Hand Weapons
 a - a +0 hand axe (weapon)
Missiles
 d - 23 poisoned darts
Armour
 b - a +0 animal skin (worn)
Scrolls
 e - a scroll of teleportation {unknown}
 f - 2 scrolls of identify {unknown}
 g - 3 scrolls of amnesia {unknown}
 h - a scroll of magic mapping {unknown}
Potions
 c - a potion of cancellation {unknown}


   Skills:
 + Level 4.3 Fighting
 + Level 4.8 Axes
 + Level 1.1 Throwing
 + Level 2.9 Armour
 + Level 2.1 Dodging


You had 3 spell levels left.
You didn't know any spells.
Your spell library was empty.

Dungeon Overview and Level Annotations

Branches:
Dungeon (2/15)

Altars:


Message History

You closely miss the gnoll. You barely miss the gnoll.
The gnoll closely misses you. The gnoll hits you with a +0 whip.
You are too injured to fight recklessly!
You are too injured to fight recklessly!
You are too injured to fight recklessly!
You are too injured to fight recklessly!
You are too injured to fight recklessly!
You are too injured to fight recklessly!
You are too injured to fight recklessly!
You are too injured to fight recklessly!
You are too injured to fight recklessly!
You are too injured to fight recklessly!
You are too injured to fight recklessly!
You are too injured to fight recklessly!
You are too injured to fight recklessly!
You are too injured to fight recklessly!
You are too injured to fight recklessly!
You are too injured to fight recklessly!
You are too injured to fight recklessly!
You are too injured to fight recklessly!
Unknown command.
The gnoll hits you with a +0 spear.
The gnoll hits you from afar with a +0 spear.
* * * LOW HITPOINT WARNING * * *
A gnoll comes into view. It is wielding a +0 flail.
A red film seems to cover your vision as you go berserk!
You feel yourself moving faster!
You feel mighty!
The gnoll shouts!
The gnoll hits you from afar with a +0 spear!
* * * LOW HITPOINT WARNING * * *
The gnoll hits you with a +0 whip.
* * * LOW HITPOINT WARNING * * *
Okay, then.
You closely miss the gnoll. The gnoll closely misses you.
The gnoll hits you with a +0 whip.
* * * LOW HITPOINT WARNING * * *
You hit the gnoll.
The gnoll is heavily wounded.
The gnoll closely misses you. The gnoll hits you with a +0 whip!
You die...

#................ .. ..
...#..##.....[..# .....#.##
.#+#..##......... ....)...
......##........## ....#.##.
....#.##........##.........>
....#.##........# .#........
....'..'........# ........
#...#.##........####...#
#...#.#.........@g)g...#
#...#.#.........##g#...#
#...#.+.........##.#.......
#...#.#...#.................
##+####...#.#.####.##.##.###
#.# #...#.#.# #.# .# .# #)#
#...#.#.# #.# .# # #.#
#...#.### #.# .# #.# #...#.#


You could see 3 gnolls.

Vanquished Creatures
  A gnoll (D:2)
  4 adders (D:2)
  A dart slug (D:1)
  A ball python (D:2)
  2 bats
  5 endoplasms
  5 giant cockroaches
  4 goblins (D:1)
  3 hobgoblins
  3 kobolds (D:1)
  2 quokkas (D:2)
  2 frilled lizards
33 creatures vanquished.

Notes
Turn   | Place    | Note
-------+----------+-------------------------------------------
     0 | D:1      | leviel the Hill Orc Berserker began the quest for the Orb.
     0 | D:1      | Reached XP level 1. HP: 19/19 MP: 1/1
   184 | D:1      | Reached XP level 2. HP: 16/27 MP: 2/2
   807 | D:1      | Reached XP level 3. HP: 33/33 MP: 3/3
  1008 | D:2      | Found a faded altar of an unknown god.
  1375 | D:2      | Reached XP level 4. HP: 27/40 MP: 4/4
  1500 | D:2      | Reached skill level 1 in Throwing
  1592 | D:2      | Reached ** piety under Trog
  1608 | D:2      | Slain by a gnoll

Illustrated notes

Levels and vault maps discovered:
D:1:      lemuel_arrival_river_ford, layout_rooms, minivault_11,
          minmay_tromino_mix6
D:2:      layout_basic, hellmonk_ecumenical_altar_arch_garden

Skill      XL: |  1  2  3  4 |
---------------+-------------+-----
Fighting       | 4 |  4.3
Dodging        | 2 |  2.1
Throwing       | 1 |  1.1
Axes           | |  4.8
Armour         | |  2.9

Action                   |  1- 3 |  4- 6 || total
-------------------------+-------+-------++-------
Melee: Hand axe          |    76 |    25 ||   101
Invok: Berserk           |       |     1 ||     1
Armor: Animal skin       |     8 |     6 ||    14
Dodge: Dodged            |    40 |    30 ||    70

Table legend: (Time is in decaauts)
 A = Elapsed time spent in this place.
 B = Non-inter-level travel time spent in this place.
 C = Inter-level travel time spent in this place.
 D = Time resting spent in this place.
 E = Time spent auto-exploring this place.
 F = Levels seen in this place.
 G = Mean time per level.
                   A        B        C        D        E       F      G
               +--------+--------+--------+--------+--------+-----+--------+
         Total |   1618 |   1588 |     30 |      0 |   1374 |   2 |  809.0 |
       Dungeon |   1618 |   1588 |     30 |      0 |   1374 |   2 |  809.0 |
               +--------+--------+--------+--------+--------+-----+--------+

Top non-repeatable levels by time:
     D:1: 970 daAuts
     D:2: 648 daAuts
